 Dungeon Crawl Stone Soup version 0.28.0-45-g0d030f2227 (console) character file.

Game seed: 7441230513225397010

5 Zeor the Stinger (level 1, -3/10 HPs)
             Began as a Gargoyle Venom Mage on Apr 7, 2022.
             Slain by a gnoll
             ... wielding a +0 club
              (6 damage)
             ... on level 1 of the Dungeon.
             The game lasted 00:00:59 (249 turns).

Zeor the Stinger (Gargoyle Venom Mage)               Turns: 249, Time: 00:01:00

Health: -3/10      AC:  4    Str: 11    XL:     1   Next: 80%
Magic:  1/3        EV: 11    Int: 15    God:
Gold:   0          SH:  0    Dex: 10    Spells: 3/4 levels left

rFire   . . .      SeeInvis .   c - +0 dagger
rCold   . . .      Faith    .   (no shield)
rNeg    + . .      Spirit   .   a - +0 robe
rPois   ∞          Reflect  .   (no helmet)
rElec   +          Harm     .   (no cloak)
rCorr   .          Rampage  .   (no gloves)
Will    .....                   (no boots)
Stlth   ++........              (no amulet)
HPRegen 0.03/turn               (no ring)
MPRegen 0.08/turn               (no ring)

@: no status effects
A: sickness immunity, AC +2, negative energy resistance 1, electricity
resistance, torment resistance 1, petrification resistance
a: no special abilities


You were on level 1 of the Dungeon.
You visited 1 branch of the dungeon, and saw 1 of its levels.

Inventory:

Hand Weapons
 c - a +0 dagger (weapon)
Armour
 a - a +0 robe (worn)
 b - an orb of light
Scrolls
 d - a scroll of blinking {unknown}


   Skills:
 + Level 1.5 Dodging
 + Level 2.1 Stealth
 * Level 2.0 Spellcasting
 + Level 0.7 Transmutations
 * Level 3.4 Poison Magic


You had 3 spell levels left.
You knew the following spells:

 Your Spells              Type           Power      Damage    Failure   Level
a - Sting                 Tmut/Pois      28%        1d4       10%         1

Your spell library contained the following spells:

 Spells                   Type           Power      Damage    Failure   Level
 Poisonous Vapours        Pois/Air       12%        N/A       17%         2
 Corpse Rot               Necr/Air       2%         N/A       32%         2
 Mephitic Cloud           Conj/Pois/Air  4%         N/A       38%         3
 Olgreb's Toxic Radiance  Pois           11%        N/A       50%         4
 Dispel Undead            Necr           1%         3d6       91%         4
 Death Channel            Necr           0%         N/A       100%        6


Dungeon Overview and Level Annotations

Branches:
Dungeon (1/15)

Altars:


Innate Abilities, Weirdness & Mutations

You are immune to sickness and miasma.
Your stone body is resilient. (AC +2)
You are immune to poison.
You resist negative energy. (rN+)
You are resistant to electric shocks. (rElec)
You are resistant to unholy torment.
You are immune to petrification.


Message History

You kill the kobold!
You see here a +0 dagger.
c - a +0 dagger
c - a +0 dagger (weapon)
You pick up a book of Decay and begin reading...
You add the spells Corpse Rot, Dispel Undead and Death Channel to your library.
An endoplasm comes into view.
The endoplasm quivers.
A gnoll comes into view. It is wielding a +0 club.
The gnoll shouts!
You see here a scroll labelled ESITUPNEUHO.
d - a scroll labelled ESITUPNEUHO The gnoll hits you with a +0 club.
You barely miss the endoplasm.
The endoplasm hits you but does no damage.
The endoplasm jiggles.
You hit the endoplasm.
The endoplasm is severely wounded.
The endoplasm hits you but does no damage.
You hit the endoplasm.
You kill the endoplasm!
Casting: Sting (safe; 10% risk of failure)
Confirm with . or Enter, or press ? or * to list all spells.
Aiming: Sting (safe; 10% risk of failure)
Press: ? - help, Shift-Dir - straight line, f - gnoll
Aim: a gnoll, wielding a +0 club (72% to hit)
The sting hits the gnoll but does no damage.
The gnoll is poisoned.
The gnoll hits you with a +0 club.
Ouch! That really hurt!
* * * LOW HITPOINT WARNING * * *
Casting: Sting (safe; 10% risk of failure)
Confirm with . or Enter, or press ? or * to list all spells.
Aiming: Sting (safe; 10% risk of failure)
Press: ? - help, Shift-Dir - straight line, f/p - gnoll
Aim: a gnoll, wielding a +0 club (lightly wounded, poisoned, 72% to hit)
The sting hits the gnoll.
The gnoll looks even sicker.
The gnoll is moderately wounded.
The gnoll hits you with a +0 club.
Ouch! That really hurt!
You die... ∙∙∙∙

▒▒∙▒∙∙∙∙∙∙∙∙∙∙▒ ∙∙⌠∙
▒▒∙∙▒∙∙∙∙∙∙∙∙∙∙▒
∙∙∙∙▒▒∙∙▒▒∙∙∙∙∙∙∙∙∙∙▒
∙⌠∙▒▒∙∙▒▒▒∙∙∙∙∙∙∙∙∙∙▒
∙∙▒▒∙∙▒▒▒▒∙∙∙∙∙∙▒▒▒▒▒
∙▒▒∙∙∙∙∙∙∙∙∙∙∙∙∙▒
▒▒▒∙∙∙∙∙∙∙▒▒▒∙▒▒▒▒▒▒▒▒
▒▒∙∙∙∙∙∙∙∙▒∙∙∙∙∙∙∙∙∙∙▒
▒∙∙∙∙∙∙∙∙▒∙∙∙∙g9∙∙∙∙▒
▒∙∙∙∙∙∙∙∙▒∙∙∙∙∙∙∙∙∙∙▒
∙∙∙∙∙∙∙∙∙∙▒∙∙∙∙∙∙∙∙∙∙▒
∙∙∙∙∙∙∙∙∙∙▒∙∙∙∙∙∙∙∙∙∙▒
∙∙∙>∙∙∙∙∙∙∙▒▒∙∙∙∙∙∙∙∙∙∙
∙∙∙∙∙∙∙∙∙▒▒▒▒▒▒▒▒▒▒▒▒▒
∙∙∙∙∙∙∙∙∙▒
∙∙∙∙∙∙∙∙▒▒▒▒▒▒▒


∙∙∙∙∙∙∙∙∙∙∙∙∙∙∙ You could see a gnoll (very poisoned).

Vanquished Creatures
  An endoplasm (D:1)
  2 hobgoblins (D:1)
  A ball python (D:1)
  A kobold (D:1)
5 creatures vanquished.

Notes
Turn   | Place    | Note
-------+----------+-------------------------------------------
     0 | D:1      | Zeor the Gargoyle Venom Mage began the quest for the Orb.
     0 | D:1      | Reached XP level 1. HP: 10/10 MP: 3/3
   249 | D:1      | Slain by a gnoll

Illustrated notes

Levels and vault maps discovered:
D:1:      dpeg_arrival_lava_temple_mockup, layout_basic

Action                   || total
-------------------------++-------
Melee: Unarmed           ||     4
       Dagger            ||     3
 Cast: Sting             ||     5
 Stab: Sleeping          ||     1
Armor: Robe              ||     3
